 Dungeon Crawl Stone Soup version 0.30.1 (webtiles) character file.

Game seed: 16722435655174991142

90 Mischief the Ducker (level 4, -1/35 HPs)
             Began as a Merfolk Gladiator on July 11, 2023.
             Was an Initiate of the Shining One.
             Shot with a sling bullet by a goblin (4 damage)
             ... on level 3 of the Dungeon.
             The game lasted 00:04:10 (2040 turns).

Mischief the Ducker (Merfolk Gladiator)             Turns: 2040, Time: 00:04:11

Health: -1/35      AC:  6    Str: 14    XL:     4   Next: 56%
Magic:  4/4        EV: 14    Int:  7    God:    the Shining One [......]
Gold:   120        SH:  0    Dex: 17    Spells: 3/3 levels left

rFire   . . .        a - +0 trident
rCold   . . .        (no shield)
rNeg    . . .        b - +0 leather armour
rPois   .            c - +0 helmet
rElec   .            g - +0 cloak
rCorr   .            w - +0 pair of gloves
SInv    .            (no boots)
Will    .....        (no amulet)
Stlth   +            (no ring)
HPRegen 0.25/turn    (no ring)
MPRegen 0.09/turn

%: no passive effects
@: glowing
A: (nimble swimmer 2), mertail
a: Renounce Religion


You were on level 3 of the Dungeon.
You worshipped the Shining One.
The Shining One was noncommittal.
You visited 1 branch of the dungeon, and saw 3 of its levels.

You collected 120 gold pieces.

Inventory:

Hand Weapons
 a - a +0 trident (weapon)
 l - a +1 short sword of electrocution
 z - a +1 flail of holy wrath
Missiles
 d - 3 throwing nets (quivered)
 e - a javelin
 q - 4 boomerangs
 t - 34 stones
 v - 9 poisoned darts
Armour
 b - a +0 leather armour (worn)
 c - a +0 helmet (worn)
 g - a +0 cloak (worn)
 w - a +0 pair of gloves (worn)
Jewellery
 o - a ring of protection from cold
Scrolls
 h - 4 scrolls of teleportation {unknown}
 i - a scroll of noise {unknown}
 j - a scroll of fear {unknown}
 k - 2 scrolls of enchant armour {unknown}
 m - a scroll of poison {unknown}
 n - a scroll of vulnerability {unknown}
 r - a scroll of identify {unknown}
 x - a scroll of brand weapon {unknown}
 y - a scroll of enchant weapon {unknown}
Potions
 f - a potion of curing {unknown}
 p - a potion of attraction {unknown}
 s - a potion of magic {unknown}
 u - a potion of ambrosia {unknown}
 A - a potion of mutation {unknown}


   Skills:
 + Level 3.2 Fighting
 + Level 4.8 Polearms
 + Level 2.8 Throwing
 + Level 4.8 Dodging


You had 3 spell levels left.
You didn't know any spells.
Your spell library was empty.

Dungeon Overview and Level Annotations

Branches:
Dungeon (3/15)

Altars:
Makhleb
The Shining One


Innate Abilities, Weirdness & Mutations

((You are very nimble when in or above water. (Stealth+, EV+, Speed+++)))
Your lower body shifts to a powerful aquatic tail in water.


Message History

The black bear claws you but does no damage.
The black bear closely misses you. The kobold closely misses you.
The black bear bites you.
The black bear claws you but does no damage.
The black bear claws you.
Reach: a) +0 trident
Press: ? - help, Dir - move target, f/p - black bear
Aim: a black bear (almost dead, berserk, about 31% to evade your +0 trident)
You closely miss the black bear.
The black bear is almost dead.
The goblin unwields a +0 sling.
The goblin wields a +0 dagger.
The goblin hits you with a +0 dagger. The black bear barely misses you. x2
The black bear claws you. The kobold hits you with a +0 club.
Reach: a) +0 trident
Press: ? - help, Dir - move target, f/p - black bear
Aim: a black bear (almost dead, berserk, about 31% to evade your +0 trident)
You closely miss the black bear.
The black bear is almost dead.
The black bear bites you. The black bear barely misses you.
The black bear claws you but does no damage.
The goblin misses you. The kobold hits you with a +0 club.
The black bear barely misses you. The black bear claws you.
* * * LOW HITPOINT WARNING * * *
The black bear closely misses you.
Okay, then.
Found 5 gold pieces.
The goblin hits you with a +0 dagger.
* * * LOW HITPOINT WARNING * * *
The kobold barely misses you.
The black bear is no longer berserk.
The goblin misses you. The black bear bites you.
* * * LOW HITPOINT WARNING * * *
The black bear claws you.
* * * LOW HITPOINT WARNING * * *
The black bear claws you but does no damage.
The goblin closely misses you. The kobold hits you but does no damage.
The kobold hits you with a +0 club.
* * * LOW HITPOINT WARNING * * *
The goblin unwields a +0 dagger.
The goblin wields a +0 sling.
The goblin shoots a sling bullet.
The sling bullet hits you.
You die...

#........ ####.......##
...........##
..######..........
................###
..................##..
............gh....$...
............KJ..##.#.
.........##@#...#
....>....#<.w)###
..........[..##
####..##..#### .........#
....#.##..#########..
##....##.............
######................#
###_####.........####....


You could see a black bear (slow), a worm, an endoplasm, a goblin and a kobold.

Vanquished Creatures
  3 adders (D:3)
  A worm (D:2)
  A dart slug (D:1)
  5 orcs (D:3)
  5 ball pythons
  3 endoplasms
  4 giant cockroaches
  2 hobgoblins
  8 kobolds
  3 quokkas (D:1)
  3 bats
  3 frilled lizards
  4 goblins
  8 rats
53 creatures vanquished.

Notes
Turn   | Place    | Note
-------+----------+-------------------------------------------
     0 | D:1      | Mischief the Merfolk Gladiator began the quest for the Orb.
     0 | D:1      | Reached XP level 1. HP: 16/16 MP: 1/1
    44 | D:1      | Reached XP level 2. HP: 11/23 MP: 2/2
   405 | D:1      | Reached XP level 3. HP: 27/28 MP: 3/3
   835 | D:2      | Found a faded altar of an unknown god.
  1745 | D:3      | Reached XP level 4. HP: 35/35 MP: 4/4
  1836 | D:3      | Found a glowing golden altar of the Shining One.
  1849 | D:3      | Became a worshipper of the Shining One
  1930 | D:3      | Found a burning altar of Makhleb.
  2008 | D:3      | Noticed a black bear
  2040 | D:3      | Shot with a sling bullet by a goblin

Illustrated notes

Levels and vault maps discovered:
D:1:      ldierk_walled_garden_2, layout_loops_cross, minmay_box_of_dots
D:2:      kennysheep_big_flooded_room, layout_loops_corners,
          basic_ecumenical_altar
D:3:      layout_rooms, tso_altar, pf_just_have_faith

Skill      XL: |  1  2  3 |
---------------+----------+-----
Fighting       | 3 |  3.2
Polearms       | |  4.8
Throwing       | |  2.8
Dodging        | |  4.8

Action                     |  1- 3 |  4- 6 || total
---------------------------+-------+-------++-------
  Melee: Trident           |   108 |    50 ||   158
         Punch             |       |     2 ||     2
   Stab: Sleeping          |     3 |       ||     3
 Armour: Leather armour    |    18 |    40 ||    58
  Dodge: Dodged            |    61 |    73 ||   134
